cohdb
Replays
Latest Replays
All Replays
Popular Replays
Top Player Replays
Match Explorer
How It Works
Community
CoH3 Stats
Reddit
Sign in to upload your games and track your stats! →
Sign in with Steam
Match 38515646
Unlisted
Match 38515646
Overview
Messages
Build Orders
End
Selects Italian Combined Arms Battlegroup
Selects Bersaglieri Squad
Bersaglieri Squad
250 Light Carrier
Bersaglieri Squad
Construct Light Support Kompanie
Combat Half-tracks
Selects Bersaglieri Bolster
Assault Grenadier Squad
Panzerjäger Squad
Selects Breda Model 30 Light Machine Guns
Fire Support Elements
Flakvierling Half-track
le.IG 18 Mechanized Group
Construct Mechanized Kompanie
Panzerjäger Squad
Construct Panzerarmee Kommand
Walking Stuka Rocket Launcher
Marder III Tank Destroyer
Marder III Tank Destroyer
LEV-Detahaven
Tenshi
JShreddy
ItchyAnus
0
0
Comments
sign in to comment!
No comments posted yet!